 Dungeon Crawl Stone Soup version 0.26-a0-639-g72c4674329 (webtiles) character file.

Game seed: 2414087916772900151

2375 Gargoyl the Skirmisher (level 9, 0/74 HPs)
             Began as a Gnoll Abyssal Knight on Sept 17, 2020.
             Was an Elder of Lugonu.
             Killed from afar by Maggie (16 damage)
             ... with a bolt of fire
             ... on level 7 of the Dungeon on Sept 18, 2020.
             The game lasted 00:11:04 (7177 turns).

Gargoyl the Skirmisher (Gnoll Abyssal Knight)       Turns: 7177, Time: 00:11:04

Health: 0/74       AC: 18    Str: 18    XL:     9   Next: 45%
Magic:  15/15      EV:  7    Int: 15    God:    Lugonu [****..]
Gold:   361        SH: 12    Dex: 14    Spells: 16/16 levels left

rFire    . . .     SeeInvis .   m - +2 whip (venom)
rCold    . . .     Faith    .   t - +3 kite shield {AC+3}
rNeg     . . .     Spirit   .   g - +0 chain mail
rPois    +         Reflect  .   r - +2 helmet
rElec    .         Harm     .   z - +1 cloak {rPois}
rCorr    +         Rampage  .   (no gloves)
MR       .....                  (no boots)
Stlth    +.........             (no amulet)
HPRegen  0.22/turn              n - ring of stealth
MPRegen  0.14/turn              i - ring of resist corrosion

@: mesmerised
A: distributed training, fangs 1, strong nose
a: Depart the Abyss, Bend Space, Banish, Corrupt, Renounce Religion


You were on level 7 of the Dungeon.
You worshipped Lugonu.
Lugonu was greatly pleased with you.
You visited 1 branch of the dungeon, and saw 7 of its levels.
You visited the Abyss 1 time.
You also visited: Sewer.

You collected 361 gold pieces.

Inventory:

Hand Weapons
 a - a +1 hand axe
 m - a +2 whip of venom (weapon)
 s - a +0 war axe
Armour
 g - a +0 chain mail (worn)
 r - a +2 helmet (worn)
 t - a +3 kite shield of protection (worn)
 z - a +1 cloak of poison resistance (worn)
Jewellery
 e - an uncursed ring of flight
 i - a ring of resist corrosion (right hand)
 n - a ring of stealth (left hand)
Wands
 h - a wand of random effects (8)
 w - a wand of flame (12)
Scrolls
 d - 2 scrolls of remove curse
 l - a scroll of identify
 y - a scroll of teleportation
Potions
 b - 4 potions of curing
 c - 3 potions of invisibility
 f - a potion of might
 j - 4 potions of lignification
 k - a potion of ambrosia {unknown}
 o - 2 potions of brilliance {unknown}
 p - a potion of heal wounds {unknown}
 q - a potion of magic
 u - 2 potions of degeneration {unknown}
 v - a potion of flight {unknown}
 x - a potion of cancellation {unknown}


   Skills:
 + Level 7.9 Fighting
 + Level 4.2 Short Blades
 + Level 4.2 Long Blades
 + Level 6.3 Axes
 + Level 4.2 Maces & Flails
 + Level 4.2 Polearms
 + Level 4.2 Staves
 + Level 4.2 Slings
 + Level 4.2 Bows
 + Level 4.2 Crossbows
 + Level 4.2 Throwing
 + Level 6.3 Armour
 + Level 5.0 Dodging
 + Level 4.2 Stealth
 + Level 4.2 Shields
 + Level 4.2 Unarmed Combat
 + Level 4.2 Spellcasting
 + Level 3.5 Conjurations
 + Level 3.5 Hexes
 + Level 3.5 Summonings
 + Level 3.5 Necromancy
 + Level 3.5 Translocations
 + Level 3.5 Transmutations
 + Level 3.5 Fire Magic
 + Level 3.5 Ice Magic
 + Level 3.5 Air Magic
 + Level 3.5 Earth Magic
 + Level 3.5 Poison Magic
 + Level 6.6 Invocations
 + Level 4.2 Evocations


You had 16 spell levels left.
You didn't know any spells.
Your spell library was empty.

Dungeon Overview and Level Annotations

Branches:
Dungeon (7/15)             Temple (0/1) D:6           Sewer (visited)

Altars:
Okawaru
Trog
Vehumet
Zin

Shops:
D:5 :   D:7 :

Annotations:
D:7 Maggie


Innate Abilities, Weirdness & Mutations

Your experience applies equally to all skills.
You have very sharp teeth.
Your uncanny sense of smell can sniff out nearby items.


Message History

Maggie casts a spell at you. The bolt of fire misses you.
You closely miss Maggie.
Maggie is heavily wounded.
Maggie points at you and mumbles some strange words.
The bolt of fire hits you!
* * * LOW HITPOINT WARNING * * *
You hit Maggie.
Maggie is severely wounded.
Maggie gestures wildly while chanting.
Maggie draws you further into her thrall.
You block Maggie's attack.
You barely miss Maggie.
Maggie is almost dead.
You block Maggie's attack.
You hit Maggie.
Maggie looks as sick as possible!
Maggie is almost dead.
Maggie points at you and mumbles some strange words.
The bolt of fire hits you!
You die...

#####..### #.#
#.....<...## #.#
#.####.....####<#
#...#......#
......#...####
.....###.#.###
####. ...#...#
##..###.#.###.#
#.. ...#.@...#
###..###.#@..#
#.. ...#.......
## #.###..#####
#. ..# # ..# ###


You could see Maggie (mesmerising, fast, extremely poisoned).

Vanquished Creatures
  The ghost of fly the Sneak, a novice FoDe of the Shining One (D:4)
  Sigmund (D:3)
  3 ice beasts
  2 ogres
  A big kobold (D:7)
  2 bullfrogs (Sewer)
  Blork the orc (D:4)
  3 scorpions (D:5)
  A water moccasin skeleton (D:5)
  A howler monkey (D:5)
  A bullfrog zombie (D:5)
  Crazy Yiuf (D:6)
  A jelly (D:6)
  An orc priest (D:6)
  A bullfrog skeleton (D:6)
  2 centaur skeletons (D:5)
  An orc wizard (D:6)
  An iron imp (Abyss:1)
  An iguana (D:6)
  6 worker ants
  A centaur simulacrum (D:4)
  A hound skeleton (D:6)
  18 adders
  A river rat (D:4)
  A shadow imp (D:5)
  3 white imps
  A worker ant simulacrum (D:4)
  An ufetubus (D:5)
  12 oozes
  An adder skeleton (D:5)
  An adder simulacrum (D:4)
  14 leopard geckos
  19 orcs
  14 giant cockroaches
  14 goblins
  9 hobgoblins
  2 jackals (D:6)
  12 kobolds
  13 ball pythons
  A ball python simulacrum (D:4)
  7 bats
  15 frilled lizards
  A quokka simulacrum (D:4)
  2 quokka skeletons
  9 rats
205 creatures vanquished.

Vanquished Creatures (others)
  A lurking horror (Abyss:1)
  5 plants (D:4)
6 creatures vanquished.

Grand Total: 211 creatures vanquished

Notes
Turn   | Place    | Note
-------+----------+-------------------------------------------
     0 | Abyss:1  | Gargoyl the Gnoll Abyssal Knight began the quest for the
                  | Orb.
     0 | Abyss:1  | Reached XP level 1. HP: 23/23 MP: 3/3
   186 | Abyss:1  | Noticed an iron imp
   200 | Abyss:1  | Killed an iron imp
   200 | Abyss:1  | Reached XP level 2. HP: 5/29 MP: 5/5
   200 | Abyss:1  | Reached XP level 3. HP: 6/35 MP: 6/6
   209 | Abyss:1  | Noticed a ynoxinul
   215 | D:1      | Escaped the Abyss
   808 | D:1      | Reached * piety under Lugonu
  1092 | D:1      | Reached skill level 1 in Short Blades
  1092 | D:1      | Reached skill level 1 in Long Blades
  1092 | D:1      | Reached skill level 1 in Maces & Flails
  1092 | D:1      | Reached skill level 1 in Polearms
  1092 | D:1      | Reached skill level 1 in Staves
  1092 | D:1      | Reached skill level 1 in Slings
  1092 | D:1      | Reached skill level 1 in Bows
  1092 | D:1      | Reached skill level 1 in Crossbows
  1092 | D:1      | Reached skill level 1 in Throwing
  1092 | D:1      | Reached skill level 1 in Stealth
  1092 | D:1      | Reached skill level 1 in Shields
  1092 | D:1      | Reached skill level 1 in Unarmed Combat
  1092 | D:1      | Reached skill level 1 in Spellcasting
  1092 | D:1      | Reached skill level 1 in Evocations
  1220 | D:2      | Reached XP level 4. HP: 39/41 MP: 7/7
  1320 | D:2      | Found a bloodstained altar of Trog.
  1324 | D:2      | Found a radiant altar of Vehumet.
  1325 | D:2      | Found a glowing silver altar of Zin.
  1419 | D:2      | Reached skill level 1 in Conjurations
  1419 | D:2      | Reached skill level 1 in Hexes
  1419 | D:2      | Reached skill level 1 in Summonings
  1419 | D:2      | Reached skill level 1 in Necromancy
  1419 | D:2      | Reached skill level 1 in Translocations
  1419 | D:2      | Reached skill level 1 in Transmutations
  1419 | D:2      | Reached skill level 1 in Fire Magic
  1419 | D:2      | Reached skill level 1 in Ice Magic
  1419 | D:2      | Reached skill level 1 in Air Magic
  1419 | D:2      | Reached skill level 1 in Earth Magic
  1419 | D:2      | Reached skill level 1 in Poison Magic
  2065 | D:3      | Reached XP level 5. HP: 41/47 MP: 8/8
  2207 | D:3      | Reached ** piety under Lugonu
  2312 | D:3      | Found an iron altar of Okawaru.
  2865 | D:3      | Noticed Sigmund
  2875 | D:3      | Killed Sigmund
  2875 | D:3      | Reached skill level 5 in Axes
  2875 | D:3      | Reached skill level 5 in Armour
  2875 | D:3      | Reached skill level 5 in Invocations
  2875 | D:3      | Reached XP level 6. HP: 39/53 MP: 9/9
  3106 | D:4      | Noticed Blork the orc
  3117 | D:4      | Killed Blork the orc
  3513 | D:4      | Found a runed translucent gate.
  3518 | D:4      | Found a runed translucent gate.
  3518 | D:4      | Found a runed translucent gate.
  3518 | D:4      | Noticed fly's ghost (novice FoDe)
  3519 | D:4      | Noticed an ice beast
  3543 | D:4      | Reached XP level 7. HP: 59/59 MP: 10/10
  3602 | D:4      | Found a glowing drain.
  3619 | Sewer    | Entered a sewer
  3745 | Sewer    | Reached *** piety under Lugonu
  3756 | Sewer    | Reached skill level 7 in Fighting
  4519 | D:4      | Reached **** piety under Lugonu
  4590 | D:4      | Killed fly's ghost
  4590 | D:4      | Reached XP level 8. HP: 38/67 MP: 12/12
  4857 | D:4      | Got the ring of Suspected Treachery {Fire}
  4910 | D:5      | Entered Level 5 of the Dungeon
  5215 | D:5      | Found Efotar's Book Boutique.
  5443 | D:5      | Reached XP level 9. HP: 66/72 MP: 14/14
  6013 | D:6      | Found a staircase to the Ecumenical Temple.
  6736 | D:6      | Found a runed translucent door.
  6737 | D:6      | Noticed Crazy Yiuf
  6888 | D:6      | Killed Crazy Yiuf
  6888 | D:6      | Reached skill level 5 in Dodging
  7076 | D:7      | Found Xofoynog's Book Emporium.
  7156 | D:7      | Noticed Maggie
  7177 | D:7      | Killed from afar by Maggie

Illustrated notes

Levels and vault maps discovered:
D:1:      minmay_arrival_jagged, layout_loops_ring, lemuel_old_faithful
D:2:      layout_basic, grunt_temple_overflow_open
D:3:      layout_basic, marbit_many_paths, minivault_24, uniq_sigmund
D:4:      corexii_shack_village, layout_basic, portal_sewer_entry_e,
          gammafunk_ghost_icy, uniq_blork_the_orc
D:5:      layout_gridville, serial_shops,
          nicolae_shop_temple_entry_statues_fountains
D:6:      layout_gridville, minmay_temple_entry_grid, uniq_crazy_yiuf_cottage
D:7:      layout_loops_ring, serial_shops, shop, hangedman_abyss_or_decor_stabs,
          uniq_maggie

Skill      XL: |  1  2  3  4  5  6  7  8  9 |
---------------+----------------------------+-----
Short Blades   | 1 2 3 4 |  4.2
Long Blades    | 1 2 3 4 |  4.2
Maces & Flails | 1 2 3 4 |  4.2
Polearms       | 1 2 3 4 |  4.2
Staves         | 1 2 3 4 |  4.2
Slings         | 1 2 3 4 |  4.2
Bows           | 1 2 3 4 |  4.2
Crossbows      | 1 2 3 4 |  4.2
Throwing       | 1 2 3 4 |  4.2
Stealth        | 1 2 3 4 |  4.2
Shields        | 1 2 3 4 |  4.2
Unarmed Combat | 1 2 3 4 |  4.2
Spellcasting   | 1 2 3 4 |  4.2
Evocations     | 1 2 3 4 |  4.2
Conjurations   | 1 2 3 |  3.5
Hexes          | 1 2 3 |  3.5
Summonings     | 1 2 3 |  3.5
Necromancy     | 1 2 3 |  3.5
Translocations | 1 2 3 |  3.5
Transmutations | 1 2 3 |  3.5
Fire Magic     | 1 2 3 |  3.5
Ice Magic      | 1 2 3 |  3.5
Air Magic      | 1 2 3 |  3.5
Earth Magic    | 1 2 3 |  3.5
Poison Magic   | 1 2 3 |  3.5
Dodging        | 3 4 5 |  5.0
Axes           | 5 6 |  6.3
Armour         | 5 6 |  6.3
Invocations    | 5 6 |  6.6
Fighting       | 7 |  7.9

Action                   |  1- 3 |  4- 6 |  7- 9 || total
-------------------------+-------+-------+-------++-------
Melee: Hand axe          |    51 |       |       ||    51
       Bite              |     8 |    23 |    50 ||    81
       Whip              |    13 |   172 |   544 ||   729
Invok: Depart the Abyss  |     1 |       |       ||     1
  Use: Scroll            |     3 |    10 |     4 ||    17
Armor: Chain mail        |    20 |    78 |   273 ||   371
       Leather armour    |     4 |       |       ||     4
Dodge: Dodged            |    27 |    59 |   125 ||   211
Block: Kite shield       |       |    48 |   373 ||   421

Table legend: (Time is in decaauts)
 A = Elapsed time spent in this place.
 B = Non-inter-level travel time spent in this place.
 C = Inter-level travel time spent in this place.
 D = Time resting spent in this place.
 E = Time spent auto-exploring this place.
 F = Levels seen in this place.
 G = Mean time per level.
                   A        B        C        D        E       F      G
               +--------+--------+--------+--------+--------+-----+--------+
         Total |   7288 |   7118 |    170 |    908 |   4437 |   9 |  809.8 |
       Dungeon |   6521 |   6351 |    170 |    893 |   4145 |   7 |  931.6 |
         Abyss |    216 |    216 |      0 |      0 |    189 |   1 |  216.0 |
         Sewer |    550 |    550 |      0 |     15 |    103 |   1 |  550.0 |
               +--------+--------+--------+--------+--------+-----+--------+

Top non-repeatable levels by time:
     D:4: 1424 daAuts
     D:6: 1347 daAuts
     D:3: 1057 daAuts
     D:1: 984 daAuts
     D:5: 793 daAuts
     D:2: 782 daAuts
   Sewer: 550 daAuts
 Abyss:1: 216 daAuts
     D:7: 132 daAuts
